 Dungeon Sprint DCSS version 0.21.1-1-g345015f (webtiles) character file.

1316 Fang the Fighter (level 8, -5/73 HPs)
             Began as a Demonspawn Berserker on Apr 18, 2018.
             Was a High Priest of Trog.
             Engulfed by a fire crab (shapeshifter)'s flame (24 damage)
             ... in the Dungeon (Sprint V: "Ziggurat Sprint").
             The game lasted 00:03:15 (517 turns).

Fang the Fighter (Demonspawn Berserker)              Turns: 517, Time: 00:03:16

Health: -5/73      AC: 20    Str: 25    XL:     8   Next: 33%
Magic:  8/8        EV:  9    Int:  9    God:    Trog [*****.]
Gold:   0          SH: 18    Dex: 13    Spells: 7/7 levels left

rFire    . . .     SeeInvis .   m - +5 demon trident
rCold    . . .     Gourm    .   y - +2 shield {AC+3}
rNeg     . . .     Faith    .   j - +5 shadow dragon scales
rPois    .         Spirit   .   (helmet restricted)
rElec    .         Reflect  .   (no cloak)
rCorr    .         Harm     .   (no gloves)
MR       .....     NoTele   +   (no boots)
Stlth    ++........             (no amulet)
HPRegen  0.22/turn              C - ring of flight
MPRegen  0.11/turn              B - +6 ring of strength

@: lethally poisoned (-5 -> -6), berserk cooldown, slowed, studying Shields,
very slow
A: antennae 1, large bone plates 2, demonic guardian 1, spiny 1
a: Berserk, Trog's Hand, Brothers in Arms, Burn Spellbooks, Renounce Religion,
Evoke Flight


You were in the Dungeon.
You worshipped Trog.
Trog was extremely pleased with you.
You were near starving.

You visited 1 branch

Inventory:

Hand Weapons
 m - a +5 demon trident (weapon)
 A - a +2 broad axe of flaming
Armour
 j - +5 shadow dragon scales (worn)
 y - a +2 shield of protection (worn)
Jewellery
 z - an uncursed ring of stealth
 B - a +6 ring of strength (right hand)
 C - a ring of flight (left hand)
Wands
 t - a wand of disintegration (7)
 u - a wand of iceblast (7)
 v - a wand of acid (7)
Scrolls
 a - 7 scrolls of fog
 b - 5 scrolls of identify
 i - 4 scrolls of blinking
 w - 5 scrolls of remove curse
 x - 2 scrolls of fear
Potions
 d - 10 potions of curing
 e - 10 potions of heal wounds
 f - 6 potions of haste
 g - 7 potions of magic
 h - 3 potions of berserk rage
 n - 2 potions of brilliance
 o - 2 potions of invisibility
 p - 4 potions of resistance
 q - a potion of experience
 r - 5 potions of agility
 s - 5 potions of might
Books
 k - a manual of Shields
Miscellaneous
 l - a sack of spiders
Comestibles
 c - 7 rations


   Skills:
 + Level 10.4 Fighting
 + Level 8.8(10.3) Axes
 + Level 8.5(10.1) Polearms
 + Level 5.4 Armour
 + Level 5.2 Dodging
 + Level 0.6 Stealth
 + Level 4.7 Shields


You had 7 spell levels left.
You didn't know any spells.

Dungeon Overview and Level Annotations

Branches:
Dungeon (1/1)

Altars:
Ashenzari
Cheibriados
Dithmenos
Elyvilon
Fedhas
Gozag
Hepliaklqana
Kikubaaqudgha
Makhleb
Nemelex Xobeh
Okawaru
Qazlal
Ru
Sif Muna
Trog
Uskayaw
Vehumet
Wu Jian
Xom
Yredelemnul
Zin
The Shining One
Beogh
Jiyva
Lugonu

Annotations:
D 1 transporter


Innate Abilities, Weirdness & Mutations

You have a pair of small antennae on your head.
You are mostly covered in large bone plates. (SH +6)
A weak demonic guardian rushes to your aid.
You are partially covered in sharp spines.


Message History

Your quasit disappears in a puff of smoke!
Something hits you but does no damage.
You impale something!! Something hits you but does no damage.
You feel sick. Something hits you.
You miss something. Something hits you but does no damage.
You feel sick.
A fire crab appears out of thin air!
Reactivating autopickup.
You feel sick.
You closely miss the fire crab.
The fire crab is lightly wounded.
Your quasit bites the fire crab but does no damage.
Your quasit closely misses the fire crab.
Your quasit claws the fire crab but does no damage.
The fire crab breathes flames at you. The blast of flame engulfs you!
* * * LOW HITPOINT WARNING * * *
You hit the fire crab but do no damage.
The fire crab is lightly wounded.
You are engulfed in blazing flames.
You die...

▓..)[.▓..}).▓.....▓
▓..}..▓.....▓.[.).▓
▓.....▓..[|.▓.)...▓
▓.....▓.....▓..)..▓
▓.....▓.....▓..©..▓
▓..©..▓..©..▓▓▓▓▓▓▓
▓▓▓▓▓▓▓▓▓▓▓▓▓▓▓▓▓▓▓
▓..8©8...▓..8©8§§.▓
▓...})...▓..|)t@§.▓
▓........▓.."5§§§.▓
▓........▓....§...▓
▓........▓........▓
▓.▓....▓.▓.▓††..▓.▓
▓...©÷...▓...©†...▓
▓▓▓▓▓▓▓▓▓▓▓▓▓▓▓▓▓▓▓


You could see a fire crab and a friendly quasit.

Vanquished Creatures
  An ugly thing (D)
  A slime creature (D)
  Sigmund (D)
  A hog (shapeshifter) (D)
  A golden eye (D)
  A soldier ant (shapeshifter) (D)
  A hell hound (D)
  A howler monkey (shapeshifter) (D)
  A jelly (D)
  A quasit (D)
  An orc wizard (D)
  Jessica (D)
  A white imp (D)
  An ooze (D)
  2 orcs (D)
  A quokka skeleton (D)
17 creatures vanquished.

Notes
Turn   | Place    | Note
-------+----------+-------------------------------------------
     0 | D        | Found the +6 Majin-Bo {vamp, Archmagi MP+6 Int+6}
     0 | D        | Found the +7 great mace "Firestarter" {inner flame, rF++}
     0 | D        | Fang the Demonspawn Berserker began the quest for the Orb.
     0 | D        | Reached XP level 1. HP: 18/18 MP: 1/1
     3 | D        | Found a blossoming altar of Fedhas.
     5 | D        | Found a viscous altar of Jiyva.
     5 | D        | Found a hazy altar of Hepliaklqana.
     5 | D        | Found a transporter.
     5 | D        | Found an opulent altar of Gozag.
     5 | D        | Found an ancient bone altar of Kikubaaqudgha.
     5 | D        | Found a corrupted altar of Lugonu.
    11 | D        | Found a burning altar of Makhleb.
    12 | D        | Found a stormy altar of Qazlal.
    12 | D        | Found a sacrificial altar of Ru.
    12 | D        | Found an iron altar of Okawaru.
    12 | D        | Found a deep blue altar of Sif Muna.
    12 | D        | Found a sparkling altar of Nemelex Xobeh.
    12 | D        | Found a bloodstained altar of Trog.
    81 | D        | Entered arena 2.
    81 | D        | Noticed Sigmund
    81 | D        | Noticed Jessica
    81 | D        | Found a transporter.
    84 | D        | Killed Jessica
    84 | D        | Reached skill level 4 in Fighting
    84 | D        | Gained mutation: You are partially covered in large bone plates. (SH +4) [demonic ancestry]
    84 | D        | Reached XP level 2. HP: 26/26 MP: 2/2
    85 | D        | Killed Sigmund
    85 | D        | Reached ** piety under Trog
    85 | D        | Reached skill level 7 in Fighting
    85 | D        | Gained mutation: A weak demonic guardian rushes to your aid. [demonic ancestry]
    85 | D        | Reached XP level 3. HP: 36/36 MP: 3/3
    85 | D        | Gained mutation: You are mostly covered in large bone plates. (SH +6) [demonic ancestry]
    85 | D        | Reached XP level 4. HP: 43/43 MP: 4/4
    85 | D        | Reached XP level 5. HP: 48/48 MP: 5/5
   157 | D        | Entered arena 3.
   157 | D        | Found a transporter.
   166 | D        | Reached *** piety under Trog
   209 | D        | Entered arena 4.
   209 | D        | Noticed a slime creature
   209 | D        | Noticed a golden eye
   209 | D        | Found a transporter.
   213 | D        | Killed a golden eye
   213 | D        | Reached skill level 8 in Fighting
   213 | D        | Gained mutation: You are partially covered in sharp spines. [demonic ancestry]
   213 | D        | Reached XP level 6. HP: 57/57 MP: 6/6
   217 | D        | Killed a slime creature
   217 | D        | Reached skill level 9 in Fighting
   217 | D        | Reached XP level 7. HP: 64/64 MP: 7/7
   218 | D        | Reached **** piety under Trog
   218 | D        | Reached skill level 5 in Polearms
   255 | D        | Entered arena 5.
   255 | D        | Found a transporter.
   265 | D        | Reached skill level 1 in Shields
   270 | D        | Reached ***** piety under Trog
   270 | D        | Reached skill level 5 in Dodging
   490 | D        | Entered arena 6.
   490 | D        | Noticed a hog
   490 | D        | Noticed a cyan ugly thing
   490 | D        | Found a transporter.
   496 | D        | Reached skill level 10 in Fighting
   496 | D        | Reached skill level 5 in Armour
   498 | D        | Received a gift from Trog
   499 | D        | Killed a hog
   502 | D        | Killed a cyan ugly thing
   502 | D        | Gained mutation: You have a pair of small antennae on your head. [demonic ancestry]
   502 | D        | Reached XP level 8. HP: 62/73 MP: 8/8
   514 | D        | Noticed a fire crab
   517 | D        | Engulfed by a fire crab (shapeshifter)'s flame

Skill      XL: |  1  2  3  4  5  6  7 |
---------------+----------------------+-----
Fighting       | 4 7 8 9 10 | 10.4
Axes           | 4 6 7 8 |  8.8
Armour         | 2 3 4 5 |  5.4
Dodging        | 2 3 4 5 |  5.2
Polearms       | 2 3 4 8 |  8.5
Shields        | 4 |  4.7
Stealth        | |  0.6

Action                   |  1- 3 |  4- 6 |  7- 9 || total
-------------------------+-------+-------+-------++-------
Melee: Demon trident     |     3 |    13 |    31 ||    47
Invok: Berserk           |     1 |     1 |     1 ||     3
 Stab: Distracted        |       |       |     1 ||     1
Armor: Shadow dragon sca |       |     7 |    40 ||    47
Dodge: Dodged            |       |       |     9 ||     9
Block: Large shield      |     1 |     1 |       ||     2
       Shield            |       |     1 |    37 ||    38
